 Dungeon Crawl Stone Soup version 0.22.0-49-gab54619674 (webtiles) character file.

9477 JedernureinKreuz the Destroyer (level 11, 0/81 HPs)
             Began as a Gnoll Conjurer on Sept 9, 2018.
             Slain by an unseen horror (7 damage)
             ... on level 10 of the Dungeon.
             The game lasted 01:12:26 (12583 turns).

JedernureinKreuz the Destroyer (Gnoll Conjurer)    Turns: 12583, Time: 01:12:26

Health: 0/81       AC:  8    Str: 10    XL:     11   Next: 47%
Magic:  23/23      EV: 17    Int: 24    God:
Gold:   553        SH:  0    Dex: 16    Spells: 16/26 levels left

rFire    + . .     SeeInvis .   s - +1 quarterstaff (protect)
rCold    . . .     Gourm    .   (shield currently unavailable)
rNeg     . . .     Faith    .   X - +0 troll leather armour
rPois    .         Spirit   .   t - +1 helmet {Int+3}
rElec    .         Reflect  .   (no cloak)
rCorr    .         Harm     .   j - +0 pair of gloves
MR       .....                  (no boots)
Stlth    ++++......             O - amulet of magic regeneration
HPRegen  0.63/turn              M - ring of protection from fire
MPRegen  0.43/turn              C - ring of wizardry

@: no status effects
A: distributed training, fangs 1, strong nose
a: no special abilities


You were on level 10 of the Dungeon.
You were not hungry.

You visited 1 branch of the dungeon, and saw 10 of its levels.

You collected 553 gold pieces.

Inventory:

Hand Weapons
 a - a +2 flail of crushing
 d - a +2 whip of electrocution
 s - a +1 quarterstaff of protection (weapon)
 S - a +0 dagger of venom
 V - a +1 quarterstaff of protection
Missiles
 b - 17 poisoned needles
 k - 7 curare-tipped needles
 m - 6 tomahawks (quivered)
 r - 157 arrows
 W - 21 sling bullets
Armour
 j - a +0 pair of gloves (worn)
 t - a +1 helmet of intelligence (worn)
 X - a +0 troll leather armour (worn)
Magical Staves
 G - an uncursed staff of poison {unknown}
Jewellery
 y - an uncursed amulet of guardian spirit
 C - a ring of wizardry (right hand)
 K - an uncursed ring of protection from cold
 M - a ring of protection from fire (left hand)
 O - an amulet of magic regeneration (around neck)
 P - an uncursed ring of fire
Wands
 f - a wand of iceblast (7)
 l - a wand of digging (9)
 v - a wand of clouds (5)
 L - a wand of acid (28)
 N - a wand of enslavement (10)
 T - a wand of paralysis (7)
Scrolls
 e - 4 scrolls of remove curse
 g - 2 scrolls of magic mapping
 h - 2 scrolls of enchant weapon
 n - 2 scrolls of immolation
 u - 4 scrolls of teleportation
 E - a scroll of blinking
 F - 2 scrolls of enchant armour
 Y - a scroll of brand weapon {unknown}
Potions
 p - a potion of ambrosia
 q - a potion of mutation {unknown}
 w - 2 potions of agility
 x - 2 potions of lignification
 z - 3 potions of brilliance
 A - a potion of haste
 B - a potion of heal wounds
 D - a potion of curing
 H - a potion of berserk rage
 U - 3 potions of might
Comestibles
 c - 15 rations
 J - 6 chunks of flesh


   Skills:
 + Level 6.2 Fighting
 + Level 6.2 Short Blades
 + Level 6.2 Long Blades
 + Level 6.2 Axes
 + Level 6.2 Maces & Flails
 + Level 6.2 Polearms
 + Level 6.2 Staves
 + Level 6.2 Slings
 + Level 6.2 Bows
 + Level 6.2 Crossbows
 + Level 6.2 Throwing
 + Level 6.2 Armour
 + Level 7.8 Dodging
 + Level 7.6 Stealth
 + Level 6.2 Shields
 + Level 6.2 Unarmed Combat
 + Level 8.1 Spellcasting
 + Level 8.9 Conjurations
 + Level 5.1 Hexes
 + Level 5.1 Charms
 + Level 5.1 Summonings
 + Level 5.1 Necromancy
 + Level 5.1 Translocations
 + Level 5.1 Transmutations
 + Level 5.1 Fire Magic
 + Level 5.1 Ice Magic
 + Level 5.1 Air Magic
 + Level 5.1 Earth Magic
 + Level 5.1 Poison Magic
 + Level 6.8 Invocations
 + Level 6.2 Evocations


You had 16 spell levels left.
You knew the following spells:

 Your Spells              Type           Power        Failure   Level  Hunger
a - Magic Dart            Conj           ####         1%          1    None
b - Iskenderun's Mystic   Conj           ######..     1%          4    ##.....
c - Dazzling Spray        Conj/Hex       #####.       1%          3    None
d - Passwall              Tmut/Erth      ####....     1%          2    None

Your spell library contained the following spells:

 Spells                   Type           Power        Failure   Level  Hunger
 Corpse Rot               Necr           N/A          1%          2    None
 Searing Ray              Conj           ######       1%          2    None
 Sublimation of Blood     Necr           ####......   1%          2    None
 Force Lance              Conj/Tloc      #####...     1%          4    ##.....
 Fulminant Prism          Conj/Hex       #####.....   1%          4    ##.....
 Excruciating Wounds      Chrm/Necr      ####......   11%         5    #####..
 Iron Shot                Conj/Erth      #####.....   26%         6    ######.


Dungeon Overview and Level Annotations

Branches:
Dungeon (10/15)            Temple (0/1) D:4            Lair (0/6) D:9
    Orc: D:9-12

Altars:
Gozag
Hepliaklqana


Innate Abilities, Weirdness & Mutations

Your experience applies equally to all skills.
You have very sharp teeth.
Your uncanny sense of smell can sniff out nearby items.


Message History

You closely miss something. You bite something. Something hits you!
* * * LOW HITPOINT WARNING * * *
Something completely misses you.
You hit something but do no damage.
Your weapon exudes an aura of protection.
Something hits you but does no damage. Something hits you but does no damage.
Something barely misses you. Something hits you.
* * * LOW HITPOINT WARNING * * *
You hit something.
Your weapon exudes an aura of protection.
Something hits you but does no damage. x2
Something hits you but does no damage. Something hits you.
* * * LOW HITPOINT WARNING * * *
Something hits you but does no damage. Something hits you.
* * * LOW HITPOINT WARNING * * *
Something barely misses you. Something hits you!
You die...

∆#### ######..## #........#
#........#
#..####.################
##########..####.###.............
................@<.#.............
...................#.............
+######..........[.'.............
.....##........#...#.......######
..........####.##'####.....#.....
..........#[=#.#.....#.....'.....
.....##...#.)#.#.....#.....#....#
.....##...#'##.#.....#.....#....#
...............#.....#.....#.....


There were no monsters in sight!

Vanquished Creatures
  A two-headed ogre (D:10)
  Pikel (D:7)
  Joseph (D:7)
  A guardian serpent (D:10)
  Prince Ribbit (D:5)
  A troll (D:10)
  A hornet (D:10)
  3 hippogriffs
  15 yaks
  3 hogs (D:7)
  A human (D:7)
  A hungry ghost (D:7)
  A soldier ant (D:9)
  A water moccasin (D:10)
  4 porcupines (D:9)
  2 orc warriors
  An ice beast (D:6)
  An ogre (D:7)
  4 phantoms
  4 centaurs
  3 crocodiles (D:9)
  Blork the orc (D:5)
  2 bullfrogs
  A wyvern skeleton (D:10)
  2 scorpions
  2 killer bees (D:9)
  8 howler monkeys
  5 crimson imps
  A bullfrog zombie (D:10)
  6 hounds
  2 jellies (D:10)
  2 orc priests
  An iguana (D:5)
  8 orc wizards
  3 worker ants
  A killer bee zombie (D:8)
  A howler monkey zombie (D:5)
  Robin (D:2)
  3 gnolls (D:7)
  A howler monkey skeleton (D:4)
  13 adders
  2 oozes
  2 adder skeletons
  4 worms
  3 dart slugs
  9 leopard geckos
  27 orcs
  7 bats
  4 giant cockroaches
  19 goblins
  6 hobgoblins
  14 jackals
  2 quokkas (D:2)
  2 frilled lizards (D:2)
  6 kobolds
  2 leopard gecko zombies (D:8)
  A quokka skeleton (D:4)
  A quokka zombie (D:5)
  7 rats
233 creatures vanquished.

Vanquished Creatures (others)
  3 slaves (D:7)
  A phantom (D:7)
  A fungus (D:9)
5 creatures vanquished.

Grand Total: 238 creatures vanquished

Notes
Turn   | Place    | Note
-------+----------+-------------------------------------------
     0 | D:1      | JedernureinKreuz the Gnoll Conjurer began the quest for the
                  | Orb.
     0 | D:1      | Reached XP level 1. HP: 13/13 MP: 6/6
   158 | D:1      | Reached XP level 2. HP: 19/19 MP: 4/7
   402 | D:1      | Reached XP level 3. HP: 25/25 MP: 7/9
   697 | D:2      | Reached skill level 5 in Spellcasting
   697 | D:2      | Noticed Robin
   797 | D:2      | Reached skill level 1 in Invocations
   856 | D:2      | Reached skill level 1 in Fighting
   856 | D:2      | Reached skill level 1 in Short Blades
   856 | D:2      | Reached skill level 1 in Long Blades
   856 | D:2      | Reached skill level 1 in Axes
   856 | D:2      | Reached skill level 1 in Maces & Flails
   856 | D:2      | Reached skill level 1 in Polearms
   856 | D:2      | Reached skill level 1 in Staves
   856 | D:2      | Reached skill level 1 in Slings
   856 | D:2      | Reached skill level 1 in Bows
   856 | D:2      | Reached skill level 1 in Crossbows
   856 | D:2      | Reached skill level 1 in Throwing
   856 | D:2      | Reached skill level 1 in Armour
   856 | D:2      | Reached skill level 1 in Shields
   856 | D:2      | Reached skill level 1 in Unarmed Combat
   856 | D:2      | Reached skill level 1 in Evocations
   963 | D:2      | Reached XP level 4. HP: 29/32 MP: 9/11
   970 | D:2      | Killed Robin
  1250 | D:2      | Found a faded altar of an unknown god.
  1295 | D:2      | Reached skill level 1 in Hexes
  1295 | D:2      | Reached skill level 1 in Charms
  1295 | D:2      | Reached skill level 1 in Summonings
  1295 | D:2      | Reached skill level 1 in Necromancy
  1295 | D:2      | Reached skill level 1 in Translocations
  1295 | D:2      | Reached skill level 1 in Transmutations
  1295 | D:2      | Reached skill level 1 in Fire Magic
  1295 | D:2      | Reached skill level 1 in Ice Magic
  1295 | D:2      | Reached skill level 1 in Air Magic
  1295 | D:2      | Reached skill level 1 in Earth Magic
  1295 | D:2      | Reached skill level 1 in Poison Magic
  1723 | D:2      | Reached XP level 5. HP: 37/37 MP: 8/12
  1805 | D:3      | Learned a level 4 spell: Iskenderun's Mystic Blast
  1809 | D:3      | Learned a level 3 spell: Dazzling Spray
  2627 | D:3      | Reached XP level 6. HP: 32/44 MP: 0/13
  3312 | D:4      | Reached skill level 5 in Dodging
  3735 | D:4      | Found a staircase to the Ecumenical Temple.
  4035 | D:5      | Entered Level 5 of the Dungeon
  4125 | D:5      | Reached XP level 7. HP: 44/50 MP: 4/15
  4915 | D:6      | Noticed Prince Ribbit
  4918 | D:6      | Noticed Blork the orc
  5009 | D:5      | Reached skill level 5 in Stealth
  5350 | D:5      | Reached XP level 8. HP: 12/57 MP: 1/16
  5465 | D:5      | Killed Blork the orc
  5578 | D:5      | Killed Prince Ribbit
  6462 | D:6      | Found an opulent altar of Gozag.
  6645 | D:7      | Reached XP level 9. HP: 53/65 MP: 16/18
  6817 | D:7      | Noticed Pikel
  6871 | D:7      | Killed Pikel
  6953 | D:7      | Found a hazy altar of Hepliaklqana.
  7399 | D:7      | Reached skill level 5 in Invocations
  7405 | D:7      | Noticed Joseph
  7964 | D:7      | HP: 3/66 [Joseph/uncursed quarterstaff of protection (2)]
  7968 | D:7      | Killed Joseph
  7968 | D:7      | Reached XP level 10. HP: 3/73 MP: 0/20
  8374 | D:7      | Reached skill level 5 in Fighting
  8374 | D:7      | Reached skill level 5 in Short Blades
  8374 | D:7      | Reached skill level 5 in Long Blades
  8374 | D:7      | Reached skill level 5 in Axes
  8374 | D:7      | Reached skill level 5 in Maces & Flails
  8374 | D:7      | Reached skill level 5 in Polearms
  8374 | D:7      | Reached skill level 5 in Staves
  8374 | D:7      | Reached skill level 5 in Slings
  8374 | D:7      | Reached skill level 5 in Bows
  8374 | D:7      | Reached skill level 5 in Crossbows
  8374 | D:7      | Reached skill level 5 in Throwing
  8374 | D:7      | Reached skill level 5 in Armour
  8374 | D:7      | Reached skill level 5 in Shields
  8374 | D:7      | Reached skill level 5 in Unarmed Combat
  8374 | D:7      | Reached skill level 5 in Evocations
  8800 | D:8      | Identified a scroll of acquirement
  8800 | D:8      | Identified the Disquisition on Sinister Earth (You acquired
                  | it on level 8 of the Dungeon)
  8807 | D:8      | Learned a level 2 spell: Passwall
 10620 | D:9      | Found a staircase to the Lair.
 11479 | D:10     | Entered Level 10 of the Dungeon
 11616 | D:10     | Noticed a guardian serpent
 11624 | D:10     | Killed a guardian serpent
 11624 | D:10     | Reached XP level 11. HP: 81/81 MP: 9/22
 11809 | D:10     | Noticed a two-headed ogre
 11819 | D:10     | Killed a two-headed ogre
 11960 | D:10     | Reached skill level 5 in Hexes
 11960 | D:10     | Reached skill level 5 in Charms
 11960 | D:10     | Reached skill level 5 in Summonings
 11960 | D:10     | Reached skill level 5 in Necromancy
 11960 | D:10     | Reached skill level 5 in Translocations
 11960 | D:10     | Reached skill level 5 in Transmutations
 11960 | D:10     | Reached skill level 5 in Fire Magic
 11960 | D:10     | Reached skill level 5 in Ice Magic
 11960 | D:10     | Reached skill level 5 in Air Magic
 11960 | D:10     | Reached skill level 5 in Earth Magic
 11960 | D:10     | Reached skill level 5 in Poison Magic
 12286 | D:9      | HP: 1/81 [yak (10)]
 12583 | D:10     | Slain by an unseen horror

Skill      XL: |  1  2  3  4  5  6  7  8  9 10 11 |
---------------+----------------------------------+-----
Spellcasting   | 5 6 7 8 |  8.1
Invocations    | 1 2 3 4 5 6 |  6.8
Fighting       | 1 2 3 4 5 6 |  6.2
Short Blades   | 1 2 3 4 5 6 |  6.2
Long Blades    | 1 2 3 4 5 6 |  6.2
Axes           | 1 2 3 4 5 6 |  6.2
Maces & Flails | 1 2 3 4 5 6 |  6.2
Polearms       | 1 2 3 4 5 6 |  6.2
Staves         | 1 2 3 4 5 6 |  6.2
Slings         | 1 2 3 4 5 6 |  6.2
Bows           | 1 2 3 4 5 6 |  6.2
Crossbows      | 1 2 3 4 5 6 |  6.2
Throwing       | 1 2 3 4 5 6 |  6.2
Armour         | 1 2 3 4 5 6 |  6.2
Shields        | 1 2 3 4 5 6 |  6.2
Unarmed Combat | 1 2 3 4 5 6 |  6.2
Evocations     | 1 2 3 4 5 6 |  6.2
Hexes          | 1 2 3 4 5 |  5.1
Charms         | 1 2 3 4 5 |  5.1
Summonings     | 1 2 3 4 5 |  5.1
Necromancy     | 1 2 3 4 5 |  5.1
Translocations | 1 2 3 4 5 |  5.1
Transmutations | 1 2 3 4 5 |  5.1
Fire Magic     | 1 2 3 4 5 |  5.1
Ice Magic      | 1 2 3 4 5 |  5.1
Air Magic      | 1 2 3 4 5 |  5.1
Earth Magic    | 1 2 3 4 5 |  5.1
Poison Magic   | 1 2 3 4 5 |  5.1
Dodging        | 5 6 7 |  7.8
Stealth        | 5 6 7 |  7.6
Conjurations   | 8 |  8.9

Action                   |  1- 3 |  4- 6 |  7- 9 | 10-12 || total
-------------------------+-------+-------+-------+-------++-------
Melee: Unarmed           |     2 |       |       |       ||     2
       Dagger            |    21 |    49 |   114 |    99 ||   283
       Bite              |     2 |     4 |    25 |    17 ||    48
       Flail             |       |       |   134 |    92 ||   226
       Whip              |       |       |     5 |       ||     5
       Punch             |       |       |     2 |     4 ||     6
       Quarterstaff      |       |       |       |     4 ||     4
Throw: Tomahawk          |       |       |    11 |    54 ||    65
 Cast: Magic Dart        |    52 |   153 |   150 |    69 ||   424
       Iskenderun's Myst |       |     1 |    15 |    32 ||    48
       Dazzling Spray    |       |       |    23 |    15 ||    38
  Use: Scroll            |       |    20 |     6 |     5 ||    31
       Potion            |       |       |     2 |     2 ||     4
 Stab: Sleeping          |     1 |     2 |     3 |       ||     6
       Invisible         |       |       |    11 |     4 ||    15
  Eat: Chunk             |       |    10 |    11 |     9 ||    30
       Ration            |       |       |     3 |     2 ||     5
Armor: Robe              |     2 |       |       |       ||     2
       Leather armour    |    10 |    24 |    71 |    25 ||   130
       Troll leather arm |       |       |       |    35 ||    35
Dodge: Dodged            |    27 |    76 |   232 |   229 ||   564
Block: Buckler           |       |       |    37 |       ||    37
